 Dungeon Crawl Stone Soup version 0.27.1-1-g398f81649c (webtiles) character file.

Game seed: 5131191536451941709

94 Metae the Grave Robber (level 4, 0/32 HPs)
             Began as a Gnoll Necromancer on Sept 11, 2021.
             Succumbed to an adder's poison
             ... on level 2 of the Dungeon.
             The game lasted 00:11:23 (2372 turns).

Metae the Grave Robber (Gnoll Necromancer)          Turns: 2372, Time: 00:11:24

Health: 0/32       AC:  4    Str:  7    XL:     4   Next: 63%
Magic:  6/11       EV: 13    Int: 15    God:
Gold:   70         SH:  0    Dex: 13    Spells: 11/13 levels left

rFire    + . .     SeeInvis .   h - +0 spear
rCold    x . .     Faith    .   (no shield)
rNeg     . . .     Spirit   .   a - +0 robe
rPois    .         Reflect  .   i - +2 hat
rElec    .         Harm     .   (no cloak)
rCorr    .         Rampage  .   (no gloves)
Will     .....                  (no boots)
Stlth    +++.......             (no amulet)
HPRegen  0.10/turn              c - ring of fire
MPRegen  0.12/turn              (no ring)

@: brilliant, lethally poisoned (0 -> -4)
A: fangs 1, strong nose, distributed training
a: no special abilities


You were on level 2 of the Dungeon.
You visited 1 branch of the dungeon, and saw 3 of its levels.

You collected 70 gold pieces.

Inventory:

Hand Weapons
 h - a +0 spear (weapon)
 j - a +0 dagger
Missiles
 k - 10 stones
Armour
 a - a +0 robe (worn)
 i - a +2 hat (worn)
 m - a scarf of harm
Jewellery
 c - a ring of fire (left hand)
Scrolls
 b - a scroll of enchant weapon {unknown}
 d - 2 scrolls of teleportation {unknown}
 e - a scroll of amnesia {unknown}
 g - a scroll of magic mapping {unknown}
Potions
 f - a potion of brilliance
 l - a potion of curing {unknown}


   Skills:
 + Level 1.2 Fighting
 + Level 1.2 Short Blades
 + Level 1.2 Long Blades
 + Level 1.2 Axes
 + Level 1.2 Maces & Flails
 + Level 1.2 Polearms
 + Level 1.2 Staves
 + Level 1.2 Slings
 + Level 1.2 Bows
 + Level 1.2 Crossbows
 + Level 1.2 Throwing
 + Level 1.2 Armour
 + Level 4.6 Dodging
 + Level 4.3 Stealth
 + Level 1.2 Shields
 + Level 1.2 Unarmed Combat
 + Level 5.1 Spellcasting
 + Level 1.0 Conjurations
 + Level 1.0 Hexes
 + Level 1.0 Summonings
 + Level 7.1 Necromancy
 + Level 1.0 Translocations
 + Level 1.0 Transmutations
 + Level 1.0 Fire Magic
 + Level 1.0 Ice Magic
 + Level 1.0 Air Magic
 + Level 1.0 Earth Magic
 + Level 1.0 Poison Magic
 + Level 1.3 Invocations
 + Level 1.2 Evocations


You had 11 spell levels left.
You knew the following spells:

 Your Spells              Type           Power      Damage    Failure   Level
a - Pain                  Necr           100%       1d9       1%          1
b - Animate Skeleton      Necr           74%        N/A       1%          1

Your spell library contained the following spells:

 Spells                   Type           Power      Damage    Failure   Level
 Vampiric Draining        Necr           18%        2d8       2%          3
 Animate Dead             Necr           18%        N/A       9%          4
 Agony                    Necr           37%        N/A       24%         5


Dungeon Overview and Level Annotations

Branches:
Dungeon (3/15)

Altars:


Innate Abilities, Weirdness & Mutations

You have very sharp teeth.
Your uncanny sense of smell can sniff out nearby items.
Your experience applies equally to all skills.


Message History

Aiming: Pain (safe; 1% risk of failure)
Press: ? - help, Shift-Dir - straight line, f - orc
Aim: an orc, wielding a +0 club and wearing a +0 leather armour (lightly wounded, chance to affect: 93%)
The orc writhes in agony.
The adder bites you but does no damage. The orc misses you.
Casting: Pain (safe; 1% risk of failure)
Confirm with . or Enter, or press ? or * to list all spells.
Aiming: Pain (safe; 1% risk of failure)
Press: ? - help, Shift-Dir - straight line, f/p - orc
Aim: an orc, wielding a +0 club and wearing a +0 leather armour (almost dead, chance to affect: 93%)
The orc writhes in agony.
You kill the orc!
The adder bites you.
You are poisoned.
The adder poisons you!
Casting: Pain (safe; 1% risk of failure)
Confirm with . or Enter, or press ? or * to list all spells.
Aiming: Pain (safe; 1% risk of failure)
Press: ? - help, Shift-Dir - straight line, f - adder
Aim: an adder (chance to affect: 89%)
The adder writhes in agony.
You feel sick. The adder bites you but does no damage.
The adder closely misses you.
Casting: Pain (safe; 1% risk of failure)
Confirm with . or Enter, or press ? or * to list all spells.
Aiming: Pain (safe; 1% risk of failure)
Press: ? - help, Shift-Dir - straight line, f/p - adder
Aim: an adder (moderately wounded, chance to affect: 89%)
The adder writhes in agony.
You feel sick. The adder closely misses you.
Casting: Pain (safe; 1% risk of failure)
Confirm with . or Enter, or press ? or * to list all spells.
Aiming: Pain (safe; 1% risk of failure)
Press: ? - help, Shift-Dir - straight line, f/p - adder
Aim: an adder (heavily wounded, chance to affect: 89%)
The adder writhes in agony.
* * * LOW HITPOINT WARNING * * *
You feel sick. The adder bites you.
* * * LOW HITPOINT WARNING * * *
It was a potion of brilliance.
You feel clever all of a sudden.
You die...

#############
#...........#
#.#########)#
#######.#......S@.#
...............######
#####...............#
##.#.#.####.####.#
#.........#.# #.#
#..#.#.#..#.# #.#
#..#.#.#..#.# #.#
#..#...#....# #.#
#...........####<#


You could see an adder.

Vanquished Creatures
  An orc priest (D:2)
  A gnoll (D:1)
  An adder (D:2)
  A worm (D:2)
  2 dart slugs (D:1)
  An orc (D:2)
  6 endoplasms
  7 jackals (D:1)
  2 kobolds (D:1)
  4 ball pythons
  2 frilled lizards (D:1)
  4 goblins
  A rat (D:1)
33 creatures vanquished.

Vanquished Creatures (collateral kills)
  2 bats (D:1)
  An endoplasm (D:1)
  A goblin (D:1)
4 creatures vanquished.

Grand Total: 37 creatures vanquished

Notes
Turn   | Place    | Note
-------+----------+-------------------------------------------
     0 | D:1      | Metae the Gnoll Necromancer began the quest for the Orb.
     0 | D:1      | Reached XP level 1. HP: 13/13 MP: 6/6
   341 | D:1      | Learned a level 1 spell: Animate Skeleton
   608 | D:1      | Reached XP level 2. HP: 14/20 MP: 3/7
  1011 | D:1      | Reached XP level 3. HP: 23/25 MP: 6/9
  1083 | D:1      | Reached skill level 5 in Spellcasting
  1148 | D:1      | Found a faded altar of an unknown god.
  1191 | D:1      | Reached skill level 1 in Invocations
  1805 | D:2      | Reached skill level 1 in Fighting
  1805 | D:2      | Reached skill level 1 in Short Blades
  1805 | D:2      | Reached skill level 1 in Long Blades
  1805 | D:2      | Reached skill level 1 in Axes
  1805 | D:2      | Reached skill level 1 in Maces & Flails
  1805 | D:2      | Reached skill level 1 in Polearms
  1805 | D:2      | Reached skill level 1 in Staves
  1805 | D:2      | Reached skill level 1 in Slings
  1805 | D:2      | Reached skill level 1 in Bows
  1805 | D:2      | Reached skill level 1 in Crossbows
  1805 | D:2      | Reached skill level 1 in Throwing
  1805 | D:2      | Reached skill level 1 in Armour
  1805 | D:2      | Reached skill level 1 in Shields
  1805 | D:2      | Reached skill level 1 in Unarmed Combat
  1805 | D:2      | Reached skill level 1 in Evocations
  2031 | D:2      | Reached XP level 4. HP: 23/32 MP: 9/11
  2311 | D:2      | Reached skill level 1 in Conjurations
  2311 | D:2      | Reached skill level 1 in Hexes
  2311 | D:2      | Reached skill level 1 in Summonings
  2311 | D:2      | Reached skill level 1 in Translocations
  2311 | D:2      | Reached skill level 1 in Transmutations
  2311 | D:2      | Reached skill level 1 in Fire Magic
  2311 | D:2      | Reached skill level 1 in Ice Magic
  2311 | D:2      | Reached skill level 1 in Air Magic
  2311 | D:2      | Reached skill level 1 in Earth Magic
  2311 | D:2      | Reached skill level 1 in Poison Magic
  2371 | D:2      | HP: 1/32 [adder (4)]
  2372 | D:2      | Succumbed to an adder's poison

Illustrated notes

Levels and vault maps discovered:
D:1:      minmay_arrival_four_houses, layout_rooms,
          hellmonk_ecumenical_altar_dog_temple
D:2:      layout_basic
D:3:      kennysheep_slugbush, layout_rooms,
          mainiacjoe_overflow_surrounded_room, uniq_purgy

Skill      XL: |  1  2  3  4 |
---------------+-------------+-----
Spellcasting   | 5 |  5.1
Invocations    | 1 |  1.3
Fighting       | 1 |  1.2
Short Blades   | 1 |  1.2
Long Blades    | 1 |  1.2
Axes           | 1 |  1.2
Maces & Flails | 1 |  1.2
Polearms       | 1 |  1.2
Staves         | 1 |  1.2
Slings         | 1 |  1.2
Bows           | 1 |  1.2
Crossbows      | 1 |  1.2
Throwing       | 1 |  1.2
Armour         | 1 |  1.2
Shields        | 1 |  1.2
Unarmed Combat | 1 |  1.2
Evocations     | 1 |  1.2
Conjurations   | 1 |  1.0
Hexes          | 1 |  1.0
Summonings     | 1 |  1.0
Translocations | 1 |  1.0
Transmutations | 1 |  1.0
Fire Magic     | 1 |  1.0
Ice Magic      | 1 |  1.0
Air Magic      | 1 |  1.0
Earth Magic    | 1 |  1.0
Poison Magic   | 1 |  1.0
Dodging        | |  4.6
Stealth        | |  4.3
Necromancy     | |  7.1

Action                   |  1- 3 |  4- 6 || total
-------------------------+-------+-------++-------
Melee: Unarmed           |    11 |       ||    11
       Spear             |    48 |       ||    48
       Bite              |     2 |       ||     2
 Cast: Pain              |    37 |    12 ||    49
       Animate Skeleton  |     7 |     1 ||     8
  Use: Potion            |       |     1 ||     1
 Stab: Sleeping          |     4 |       ||     4
Armor: Robe              |    15 |     7 ||    22
Dodge: Dodged            |    39 |    17 ||    56
